 Dungeon Crawl Stone Soup version 0.20.1-1-g8b1a95d (webtiles) character file.

16168 Gremour the Carver (level 12, -14/106 HPs)
             Began as a Yellow Draconian Monk on Dec 22, 2017.
             Was a High Priest of the Shining One.
             Demolished by an eight-headed hydra (17 damage)
             ... on level 12 of the Dungeon.
             The game lasted 01:09:26 (14091 turns).

Gremour the Carver (Yellow Draconian Monk)         Turns: 14091, Time: 01:09:27

Health: -14/106    AC: 16    Str: 16    XL:     12   Next: 7%
Magic:  18/18      EV: 14    Int: 10    God:    the Shining One [*****.]
Gold:   565        SH:  0    Dex: 17    Spells: 11/11 levels left

rFire    + . .     SeeInvis .   A - +0 trident (freeze)
rCold    x . .     Gourm    .   c - +0 shield
rNeg     + + .     Faith    .   (armour unavailable)
rPois    .         Spirit   .   (helmet restricted)
rElec    .         Reflect  .   u - +0 cloak
rCorr    +         Harm     .   k - +1 pair of gloves
MR       .....                  D - +0 pair of boots
Stlth    +.........             v - amulet of rage
Regen    0.3/turn               q - ring of fire
MPRegen  0.2/turn               h - +3 ring of protection

@: confused, glowing
A: spit acid, acid resistance, unfitting armour, mutation resistance 1, sense
surroundings 1, shaggy fur 1, cold-blooded, AC +8
a: Breathe Acid, Divine Shield, Cleansing Flame, Summon Divine Warrior, Renounce
Religion, Evoke Berserk Rage


You were on level 12 of the Dungeon.
You worshipped the Shining One.
The Shining One was extremely pleased with you.
You were not hungry.

You visited 2 branches of the dungeon, and saw 13 of its levels.
You also visited: Sewer.

You collected 565 gold pieces.

Inventory:

Hand Weapons
 a - a +4 scimitar of slicing
 b - a +0 long sword
 A - a +0 trident of freezing (weapon)
Missiles
 C - 5 steel tomahawks (quivered)
Armour
 c - a +0 shield (worn)
 k - a +1 pair of gloves (worn)
 u - a +0 cloak (worn)
 D - a +0 pair of boots (worn)
Jewellery
 d - an uncursed ring of wizardry
 h - a +3 ring of protection (right hand)
 q - a ring of fire (left hand)
 v - an amulet of rage (around neck)
 z - an uncursed ring of protection from cold
 I - a +3 ring of evasion
Wands
 o - a wand of disintegration (12/24)
 H - a wand of scattershot (4/9)
 J - a wand of disintegration (5/24)
Scrolls
 e - 3 scrolls of recharging
 i - 4 scrolls of identify
 l - 9 scrolls of teleportation
 m - 3 scrolls of remove curse
 r - 2 scrolls of magic mapping
Potions
 g - a potion of berserk rage
 n - 3 potions of brilliance
 s - 2 potions of curing
 t - 2 potions of magic
 x - 2 potions of haste
 G - 2 potions of might
Comestibles
 f - 3 royal jellies
 j - a fruit
 p - 5 chunks of flesh
 B - 4 bread rations
 F - 2 meat rations


   Skills:
 - Level 10.0 Fighting
 - Level 13.1 Long Blades
 - Level 0.6 Polearms
 - Level 6.0 Dodging
 - Level 1.7 Stealth
 * Level 5.5 Shields
 + Level 8.0 Invocations
 - Level 5.0 Evocations


You had 11 spell levels left.
You didn't know any spells.

Dungeon Overview and Level Annotations

Branches:
Dungeon (12/15)            Temple (1/1) D:6            Lair (0/6) D:10
    Orc (0/2) D:10

Altars:
Ashenzari
Cheibriados
Dithmenos
Elyvilon
Fedhas
Gozag
Hepliaklqana
Kikubaaqudgha
Makhleb
Nemelex Xobeh
Okawaru
Qazlal
Ru
Sif Muna
Trog
Uskayaw
Vehumet
Xom
Yredelemnul
Zin
The Shining One
Beogh

Shops:
D:4 :   D:12 *

Annotations:
D:10 1 runed door


Innate Abilities, Weirdness & Mutations

You can spit globs of acid.
You are resistant to acid.
Your golden yellow scales are hard. (AC +8)
You cannot fit into any form of body armour.
You are cold-blooded and may be slowed by cold attacks.
You are somewhat resistant to further mutation.
You passively map a small area around you.
You are covered in fur. (AC +1)


Message History

You are covered in liquid flames!
The eight-headed hydra bites you but does no damage.
You block the eight-headed hydra's attack.
The eight-headed hydra bites you but does no damage.
The eight-headed hydra barely misses you.
The eight-headed hydra bites you but does no damage.
The eight-headed hydra bites you!
* * * LOW HITPOINT WARNING * * *
You block the eight-headed hydra's attack.
The eight-headed hydra bites you but does no damage.
Okay, then.
You are confused.
You feel invigorated.
You are covered in liquid flames!
The Shining One protects you from harm! The eight-headed hydra bites you.
* * * LOW HITPOINT WARNING * * *
The eight-headed hydra bites you but does no damage.
The eight-headed hydra bites you!
You die...

...........<..#
............#.##
............#..#
....).......##.##
*
............##..#
, *
)..........####.##
..........## #..##
* , ....)....##
##..# , ........##
#@e## *, ......###
##D.# * , .....##
#>.## , ....## * ,
##..# * ,.. #..##*
, , #..###....
##...
...####.....s..
#...
,........####...
,,..e....## * * ,
....... * ,


You could see an eight-headed hydra and a deep elf mage.

Vanquished Creatures
  A hydra (D:11)
  4 two-headed ogres
  The ghost of Vodalian the Fighter, a novice MiBe of Trog (D:8)
  A deep elf mage (D:12)
  An orc knight (D:10)
  A cyclops (D:11)
  Maurice (D:8)
  A gargoyle (D:11)
  The ghost of Ymberto the Magician, a novice DECj (D:5)
  Prince Ribbit (D:8)
  5 trolls
  5 wyverns
  A shadow (D:12)
  6 yaks
  A vampire (D:11)
  A hungry ghost (D:12)
  Menkaure (D:7)
  An acid dragon (D:12)
  2 porcupines (D:10)
  7 orc warriors
  An ice beast (D:10)
  Duvessa (D:6)
  5 sky beasts
  A black bear (D:9)
  3 ogres
  The ghost of cirnu the Skirmisher, an amateur DsFi (D:3)
  5 centaurs
  4 phantoms
  A big kobold (D:12)
  9 bullfrogs
  Dowan (D:6)
  A wyvern zombie (D:7)
  6 scorpions
  7 killer bees
  3 wights (D:9)
  5 howler monkeys
  4 crimson imps
  A centaur zombie (D:11)
  A bullfrog zombie (D:10)
  4 hounds
  2 quasits
  14 orc priests
  2 bullfrog skeletons
  3 jellies
  A gnoll shaman (D:9)
  2 centaur skeletons
  15 orc wizards
  4 iguanas
  9 worker ants
  A killer bee zombie (D:8)
  A hound skeleton (D:5)
  A mummy (D:4)
  2 worker ant zombies
  13 gnolls
  12 adders
  A river rat (D:5)
  4 shadow imps
  2 adder skeletons
  An adder zombie (D:5)
  2 worms
  A dart slug (D:4)
  5 leopard geckos
  55 orcs
  8 giant cockroaches
  9 goblins
  5 hobgoblins
  21 jackals
  12 kobolds
  5 quokkas
  3 ball pythons
  3 bats
  13 frilled lizards
  A hobgoblin zombie (D:4)
  A kobold zombie (D:4)
  A leopard gecko skeleton (D:6)
  7 rats
  A plant (Sewer)
350 creatures vanquished.

Notes
Turn   | Place    | Note
-------+----------+-------------------------------------------
     0 | D:1      | Gremour the Draconian Monk began the quest for the Orb.
     0 | D:1      | Reached XP level 1. HP: 19/19 MP: 1/1
   192 | D:1      | Reached XP level 2. HP: 22/26 MP: 2/2
   798 | D:2      | Found a glowing golden altar of the Shining One.
   883 | D:2      | Became a worshipper of the Shining One
   883 | D:2      | Reached * piety under the Shining One
   883 | D:2      | Reached ** piety under the Shining One
  1015 | D:2      | Reached XP level 3. HP: 33/33 MP: 3/3
  1065 | D:2      | Reached skill level 4 in Long Blades
  1475 | D:3      | Reached XP level 4. HP: 31/40 MP: 4/4
  1602 | D:3      | Reached skill level 5 in Long Blades
  1727 | D:3      | Reached XP level 5. HP: 31/46 MP: 5/5
  2007 | D:3      | Noticed cirnu's ghost (amateur DsFi)
  2039 | D:3      | Killed cirnu's ghost
  2039 | D:3      | Reached skill level 6 in Long Blades
  2335 | D:3      | Found a sacrificial altar of Ru.
  2508 | D:3      | Found a faded altar of an unknown god.
  2508 | D:3      | Found a faded altar of an unknown god.
  2513 | D:3      | Found an opulent altar of Gozag.
  2518 | D:3      | Found an ancient bone altar of Kikubaaqudgha.
  2520 | D:3      | Found a shadowy altar of Dithmenos.
  2666 | D:4      | Reached XP level 6. HP: 52/53 MP: 6/6
  2727 | D:4      | Found Urul's Book Shoppe.
  2867 | D:4      | Found a sand-covered staircase.
  2952 | D:3      | Reached skill level 7 in Long Blades
  3267 | D:4      | Your scales start taking on a golden yellow colour.
  3267 | D:4      | Reached XP level 7. HP: 46/60 MP: 7/7
  3330 | D:4      | Reached *** piety under the Shining One
  3389 | D:4      | Found a blossoming altar of Fedhas.
  3571 | D:4      | Found a white marble altar of Elyvilon.
  3736 | D:4      | Reached skill level 8 in Long Blades
  3776 | D:5      | Entered Level 5 of the Dungeon
  3834 | D:5      | Reached skill level 5 in Fighting
  4019 | D:5      | Reached skill level 1 in Invocations
  4058 | D:5      | Reached XP level 8. HP: 61/68 MP: 7/9
  4129 | D:5      | Reached skill level 9 in Long Blades
  4201 | D:5      | Noticed Ymberto's ghost (novice DECj)
  4212 | D:5      | Killed Ymberto's ghost
  4312 | D:5      | Found a glowing drain.
  4316 | Sewer    | Entered a sewer
  5387 | D:6      | Reached skill level 10 in Long Blades
  5443 | D:6      | Noticed Duvessa
  5443 | D:6      | Noticed Dowan
  5451 | D:6      | Killed Duvessa
  5451 | D:6      | Reached XP level 9. HP: 75/75 MP: 11/11
  5454 | D:6      | Killed Dowan
  5601 | D:6      | Found a staircase to the Ecumenical Temple.
  5612 | Temple   | Entered the Ecumenical Temple
  5810 | D:6      | Found a radiant altar of Vehumet.
  5816 | D:6      | Found a snail-covered altar of Cheibriados.
  5883 | D:7      | Reached **** piety under the Shining One
  6072 | D:7      | Noticed Menkaure
  6078 | D:7      | Killed Menkaure
  6289 | D:7      | Reached skill level 11 in Long Blades
  6764 | D:7      | Reached skill level 5 in Dodging
  6874 | D:7      | Gained mutation: You passively map a small area around you. [mutagenic meat]
  6875 | D:7      | Gained mutation: You are somewhat resistant to further mutation. [mutagenic meat]
  7013 | D:8      | Noticed Maurice
  7031 | D:8      | Killed Maurice
  7127 | D:8      | Noticed Prince Ribbit
  7135 | D:8      | Killed Prince Ribbit
  7350 | D:8      | Noticed a two-headed ogre
  7351 | D:8      | Reached XP level 10. HP: 53/84 MP: 13/13
  7392 | D:8      | Noticed Vodalian's ghost (novice MiBe)
  7648 | D:7      | Killed a two-headed ogre
  7648 | D:7      | Reached skill level 5 in Invocations
  7669 | D:8      | Killed Vodalian's ghost
  7669 | D:8      | Reached skill level 12 in Long Blades
  7933 | D:8      | Found a snail-covered altar of Cheibriados.
  8844 | D:9      | Found a shattered altar of Ashenzari.
  8875 | D:9      | Reached skill level 1 in Evocations
  8885 | D:9      | Gained mutation: You are covered in fur. (AC +1) [mutagenic meat]
  9247 | D:10     | Entered Level 10 of the Dungeon
  9298 | D:10     | Reached ***** piety under the Shining One
  9631 | D:10     | Reached XP level 11. HP: 85/95 MP: 16/16
  9916 | D:10     | Noticed an orc knight
  9946 | D:10     | Killed an orc knight
 10294 | D:10     | Found a runed door.
 10294 | D:10     | Noticed an ettin
 10294 | D:10     | Noticed a flayed ghost
 10294 | D:10     | Noticed a yaktaur captain
 10296 | D:10     | Noticed a phantasmal warrior
 10296 | D:10     | Noticed a catoblepas
 10296 | D:10     | Noticed a deep troll
 10296 | D:10     | Noticed a fire giant
 10296 | D:10     | Noticed a stone giant
 10386 | D:10     | Found a staircase to the Lair.
 10432 | D:10     | Found a roughly hewn altar of Beogh.
 10432 | D:10     | Found a staircase to the Orcish Mines.
 11455 | D:11     | Reached skill level 1 in Shields
 11605 | D:11     | Noticed a two-headed ogre
 12314 | D:11     | Killed a two-headed ogre
 12370 | D:11     | Noticed a four-headed hydra
 12415 | D:11     | Killed a nine-headed hydra
 13329 | D:11     | Noticed a two-headed ogre
 13346 | D:11     | Killed a two-headed ogre
 13346 | D:11     | Reached skill level 10 in Fighting
 13346 | D:11     | Reached skill level 13 in Long Blades
 13737 | D:12     | Reached skill level 5 in Evocations
 13883 | D:12     | Noticed a two-headed ogre
 13890 | D:12     | Killed a two-headed ogre
 13890 | D:12     | Reached XP level 12. HP: 83/106 MP: 18/18
 13938 | D:12     | Reached skill level 5 in Shields
 13970 | D:12     | Found Semya's General Store.
 14074 | D:12     | Noticed an eight-headed hydra
 14090 | D:12     | HP: 2/106 [eight-headed hydra (12)]
 14091 | D:12     | The Shining One protects you from harm!
 14091 | D:12     | Demolished by an eight-headed hydra

Skill      XL: |  1  2  3  4  5  6  7  8  9 10 11 12 |
---------------+-------------------------------------+-----
Long Blades    | 4 5 6 7 8 10 11 12 13 | 13.1
Fighting       | 4 5 6 8 10 | 10.0
Invocations    | 1 3 4 7 8 |  8.0
Dodging        | 4 5 6 |  6.0
Evocations     | 2 5 |  5.0
Shields        | 4 5 |  5.5
Polearms       | |  0.6
Stealth        | |  1.7

Action                   |  1- 3 |  4- 6 |  7- 9 | 10-12 || total
-------------------------+-------+-------+-------+-------++-------
Melee: Falchion          |   108 |   170 |       |       ||   278
       Tailslap          |    11 |    29 |    32 |    71 ||   143
       Great sword       |       |       |   244 |   204 ||   448
       Scimitar          |       |       |       |   218 ||   218
       Trident           |       |       |       |    13 ||    13
Invok: Divine Shield     |       |     1 |       |     2 ||     3
 Abil: Breathe Acid      |       |       |     9 |    14 ||    23
  Use: Scroll            |       |     7 |     9 |    11 ||    27
       Potion            |       |     3 |     1 |    11 ||    15
 Stab: Sleeping          |     2 |       |       |       ||     2
  Eat: Chunk             |     2 |     2 |    16 |    20 ||    40
       Bread ration      |       |     1 |       |     1 ||     2
       Fruit             |       |       |     3 |     2 ||     5
Armor: Skin              |    35 |    41 |   104 |   146 ||   326
Dodge: Dodged            |    69 |   106 |   190 |   303 ||   668
Block: Other             |       |     9 |       |     1 ||    10
       Shield            |       |       |       |   108 ||   108
       Rpst.: Falchion   |    28 |    30 |       |       ||    58
       Great sword       |       |       |    55 |    33 ||    88
       Scimitar          |       |       |       |    22 ||    22
